 Dungeon Sprint DCSS version 0.26-a0-660-gc07710193c (webtiles) character file.

Game seed: 2573373440160394160

101 mhtbhm the Skirmisher (level 4, 0/45 HPs)
             Began as a Minotaur Fighter on Oct 5, 2020.
             Slain by a phantom (2 damage)
             ... in the Dungeon (Sprint IX: "|||||||||||||||||||||||||||||").
             The game lasted 00:00:16 (55 turns).

mhtbhm the Skirmisher (Minotaur Fighter)              Turns: 55, Time: 00:00:17

Health: 0/45       AC:  7    Str: 21    XL:     4   Next: 48%
Magic:  3/3        EV:  8    Int:  5    God:
Gold:   0          SH: 10    Dex: 10    Spells: 3/3 levels left

rFire    . . .     SeeInvis .   a - +0 long sword
rCold    . . .     Faith    .   c - +0 kite shield
rNeg     . . .     Spirit   .   b - +0 scale mail
rPois    .         Reflect  .   (helmet restricted)
rElec    .         Harm     .   (no cloak)
rCorr    .         Rampage  .   (no gloves)
MR       .....     NoTele   +   (no boots)
Stlth    ..........             (no amulet)
HPRegen  0.15/turn              (no ring)
MPRegen  0.08/turn              (no ring)

@: berserk cooldown, slowed, very slow
A: retaliatory headbutt, horns 2
a: no special abilities


You were in the Dungeon.
You visited 1 branch

Inventory:

Hand Weapons
 a - a +0 long sword (weapon)
Armour
 b - a +0 scale mail (worn)
 c - a +0 kite shield (worn)
Scrolls
 j - a scroll of blinking
Potions
 d - a potion of might
 e - a potion of curing
 f - a potion of heal wounds
 g - a potion of haste
 h - 2 potions of magic


   Skills:
 + Level 6.8 Fighting
 + Level 5.3 Long Blades
 + Level 6.3 Armour
 + Level 1.0 Dodging
 + Level 6.4 Shields


You had 3 spell levels left.
You didn't know any spells.
Your spell library was empty.

Dungeon Overview and Level Annotations

Branches:
Dungeon (1/1)

Altars:


Innate Abilities, Weirdness & Mutations

You reflexively headbutt those who attack you in melee.
You have a pair of horns on your head.


Message History

Things that are here:
a +0 giant club; an adder corpse You barely miss the phantom.
You hit the phantom.
The phantom is lightly damaged.
You block the phantom's attack.
You barely miss the phantom.
The phantom is lightly damaged.
The phantom hits you.
* * * LOW HITPOINT WARNING * * *
You miss the phantom.
The phantom is lightly damaged.
The phantom hits you.
* * * LOW HITPOINT WARNING * * *
You closely miss the phantom.
The phantom is lightly damaged.
You are no longer berserk.
You are exhausted.
You feel yourself slow down. The phantom hits you.
You die...

▓+▓
▓.▓
▓.▓
▓.▓
▓.▓
▓W▓
▓@▓
▓.▓
▓.▓
▓.▓
▓.▓
▓.▓
▓†▓
▓.▓
▓.▓


You could see a phantom.

Vanquished Creatures
  An ogre (D)
  An adder (D)
  A white imp (D)
  A giant cockroach (D)
  A goblin (D)
  A jackal (D)
  A frilled lizard (D)
  A leopard gecko skeleton (D)
  A rat (D)
9 creatures vanquished.

Notes
Turn   | Place    | Note
-------+----------+-------------------------------------------
     0 | D        | mhtbhm the Minotaur Fighter began the quest for the Orb.
     0 | D        | Reached XP level 1. HP: 19/19 MP: 0/0
    34 | D        | Noticed an ogre
    34 | D        | Noticed a phantom
    41 | D        | Reached XP level 2. HP: 22/28 MP: 1/1
    44 | D        | Reached skill level 5 in Fighting
    48 | D        | Killed an ogre
    48 | D        | Reached skill level 5 in Long Blades
    48 | D        | Reached skill level 1 in Dodging
    48 | D        | Reached XP level 3. HP: 6/38 MP: 2/2
    48 | D        | Reached XP level 4. HP: 7/45 MP: 3/3
    54 | D        | HP: 3/67 [phantom (2)]
    55 | D        | Slain by a phantom

Illustrated notes

Levels and vault maps discovered:
D:        linesprint [early_d, line_temple, items_1, d_10, items_2, lair_1,
          lair_end, items_3, orc_1, orc_end, items_4, d_15, swamp_1, shoals_1,
          snake_1, spider_1, d_20, vaults_1, items_5, swamp_end, shoals_end,
          snake_end, spider_end, vaults_end, d_27, items_6, zot_1, zot_end,
          crypt_end, forest_end, elf_end, slime_end, tomb_end, abyss_end,
          pan_hell_end]

Skill      XL: |  1  2 |
---------------+-------+-----
Fighting       | 4 6 |  6.8
Armour         | 4 6 |  6.3
Shields        | 4 6 |  6.4
Long Blades    | 3 5 |  5.3
Dodging        | 1 |  1.0

Action                   |  1- 3 |  4- 6 || total
-------------------------+-------+-------++-------
Melee: Long sword        |    25 |     6 ||    31
       Headbutt          |     3 |       ||     3
  Use: Potion            |     1 |       ||     1
Armor: Scale mail        |     7 |       ||     7
Dodge: Dodged            |     4 |       ||     4
Block: Kite shield       |     7 |     1 ||     8
       Rpst.: Long sword |     2 |       ||     2

Table legend: (Time is in decaauts)
 A = Elapsed time spent in this place.
 B = Non-inter-level travel time spent in this place.
 C = Inter-level travel time spent in this place.
 D = Time resting spent in this place.
 E = Time spent auto-exploring this place.
 F = Levels seen in this place.
 G = Mean time per level.
                   A        B        C        D        E       F      G
               +--------+--------+--------+--------+--------+-----+--------+
         Total |     58 |     58 |      0 |     12 |      3 |   1 |   58.0 |
       Dungeon |     58 |     58 |      0 |     12 |      3 |   1 |   58.0 |
               +--------+--------+--------+--------+--------+-----+--------+

Top non-repeatable levels by time:
       D: 58 daAuts
